 Dungeon Crawl Stone Soup version 0.27.1 (webtiles) character file.

Game seed: 8372230928580069865

79 MajorAdolf the Changer (level 4, 0/35 (42) HPs)
             Began as a Naga Wanderer on Aug 21, 2021.
             Killed from afar by an orc wizard (8 damage)
             ... with a puff of flame
             ... on level 4 of the Dungeon.
             The game lasted 00:06:20 (4528 turns).

MajorAdolf the Changer (Naga Wanderer)              Turns: 4528, Time: 00:06:21

HP:   0/35 (42)     AC:  2    Str: 15    XL:     4   Next: 38%
MP:   7/7           EV:  9    Int: 15    God:
Gold: 82            SH:  0    Dex:  8    Spells: 3/7 levels left

rFire    . . .     SeeInvis +   m - +2 dagger (speed)
rCold    . . .     Faith    .   (no shield)
rNeg     . . .     Spirit   .   b - +0 robe
rPois    +         Reflect  .   (no helmet)
rElec    .         Harm     .   (no cloak)
rCorr    .         Rampage  .   (no gloves)
Will     .....                  (no barding)
Stlth    +.........             (no amulet)
HPRegen  0.11/turn              (no ring)
MPRegen  0.10/turn              (no ring)

@: confused, heavily drained, very slow
A: AC +1, large, see invisible, deformed body, poison resistance, slowness 2,
spit poison 1, naga tail 1
a: Spit Poison


You were on level 4 of the Dungeon.
You visited 1 branch of the dungeon, and saw 4 of its levels.

You collected 82 gold pieces.

Inventory:

Hand Weapons
 a - a +0 dagger
 m - a +2 dagger of speed (weapon)
Armour
 b - a +0 robe (worn)
Wands
 e - a wand of flame (27)
Scrolls
 f - 2 scrolls of magic mapping {unknown}
 i - a scroll of amnesia {unknown}
 k - a scroll of identify {unknown}
 l - a scroll of teleportation {unknown}
Potions
 c - a potion of lignification
 d - 2 potions of curing {unknown}
 g - a potion of mutation {unknown}
 h - a potion of resistance
 j - a potion of berserk rage {unknown}


   Skills:
 - Level 3.0 Fighting
 + Level 2.3 Stealth
 + Level 2.3 Spellcasting
 + Level 1.8 Conjurations
 - Level 4.1 Transmutations
 + Level 0.9 Air Magic
 + Level 1.2 Poison Magic
 - Level 1.0 Evocations


You had 3 spell levels left.
You knew the following spells:

 Your Spells              Type           Power      Damage    Failure   Level
a - Magic Dart            Conj           28%        1d4       10%         1
b - Mephitic Cloud        Conj/Pois/Air  5%         N/A       36%         3

Your spell library contained the following spells:

 Spells                   Type           Power      Damage    Failure   Level
 Apportation              Tloc           2%         N/A       22%         1
 Blink                    Tloc           N/A        N/A       32%         2
 Call Imp                 Summ           1%         N/A       32%         2
 Slow                     Hex            1%         N/A       32%         2
 Conjure Flame            Conj/Fire      4%         6-21      41%         3
 Gell's Gravitas          Tloc           0%         N/A       54%         3
 Ozocubu's Armour         Ice            1%         N/A       54%         3
 Metabolic Englaciation   Hex/Ice        0%         N/A       99%         5
 Simulacrum               Ice/Necr       0%         N/A       100%        6


Dungeon Overview and Level Annotations

Branches:
Dungeon (4/15)
 Temple: D:4-7

Altars:
Elyvilon

Annotations:
D:3 Grinder


Innate Abilities, Weirdness & Mutations

Your serpentine skin is tough. (AC +1)
You have supernaturally acute eyesight. (SInv)
Armour fits poorly on your strangely shaped body.
Your system is resistant to poisons. (rPois)
You cover ground very slowly.
You can spit poison.
You have a snake-like lower body.


Message History

You feel drained.
The orc wizard hits you with a +1 dagger of draining.
You feel drained.
You bump into the rock wall.
You have got your breath back.
The orc wizard looks more healthy.
The orc wizard points at you and mumbles some strange words.
You are more confused.
Unknown command.
You hit the orc wizard but do no damage.
The orc wizard is almost dead.
The orc wizard gestures at you while chanting.
You resist with some effort. The orc wizard completely misses you.
You're too confused to move!
The orc wizard gestures at you while chanting.
The magic dart hits you.
Unknown command.
You're too confused to move!
The orc wizard hits you with a +1 dagger of draining.
You feel drained.
Unknown command.
You miss the orc wizard.
The orc wizard is almost dead.
Unknown command.
The orc wizard gestures at you while chanting.
You are more confused.
The orc wizard points at you and mumbles some strange words.
The magic dart hits you.
* * * LOW HITPOINT WARNING * * *
You are too confused!
You're too confused to cast spells.
Unknown command.
The orc wizard mumbles some strange words.
The orc wizard flickers and vanishes for a moment.
The orc wizard hits you with a +1 dagger of draining.
* * * LOW HITPOINT WARNING * * *
You feel drained. The orc wizard casts a spell at you.
The puff of flame hits you!
You die...

... #.. .# .. ..
.#..## ###. .#...#
#.#.###......
..##...)......#
.##.............#.
... #..........
....## ##@....>##
......##o.###..#
...[......#.#..#
....#..<.......#
...........#.....
....##....## ....
... ####... ..# ..
##... .# ..... .


You could see an orc wizard (invisible).

Vanquished Creatures
  An adder (D:2)
  A worm (D:2)
  A dart slug (D:2)
  3 orcs
  4 ball pythons
  8 bats
  7 endoplasms
  A giant cockroach (D:2)
  6 goblins
  6 hobgoblins
  A quokka (D:2)
  7 frilled lizards
  8 kobolds
  5 rats
59 creatures vanquished.

Notes
Turn   | Place    | Note
-------+----------+-------------------------------------------
     0 | D:1      | MajorAdolf the Naga Wanderer began the quest for the Orb.
     0 | D:1      | MajorAdolf set off with the following items: a +0 club, a
                  | +0 robe, a potion of lignification; and the following
                  | spells available to memorise: Apportation, Magic Dart,
                  | Blink, Call Imp, Slow, Conjure Flame, Gell's Gravitas,
                  | Mephitic Cloud
     0 | D:1      | Reached XP level 1. HP: 21/21 MP: 2/2
    38 | D:1      | Learned a level 1 spell: Magic Dart
   536 | D:1      | Reached XP level 2. HP: 20/28 MP: 2/4
   998 | D:1      | Reached skill level 1 in Conjurations
  1379 | D:1      | Reached XP level 3. HP: 32/34 MP: 3/5
  2361 | D:2      | Learned a level 3 spell: Mephitic Cloud
  3192 | D:2      | Found a white marble altar of Elyvilon.
  3465 | D:2      | Reached XP level 4. HP: 38/42 MP: 5/7
  3619 | D:2      | Reached skill level 1 in Poison Magic
  4000 | D:3      | Noticed Grinder
  4528 | D:4      | Killed from afar by an orc wizard

Illustrated notes

Levels and vault maps discovered:
D:1:      dpeg_arrival_simpleton_a, layout_basic, chequers_serial_rivers_marsh,
          minmay_pentomino_o4
D:2:      layout_basic, basic_altar, kennysheep_generic_room_11
D:3:      layout_loops_ring, dreamdust_ecumenical_altar_angels_and_demons,
          eino_tiny_chamber, nrook_campfire, uniq_grinder,
          uniq_crazy_yiuf_cottage
D:4:      layout_cave_pools

Skill      XL: |  1  2  3  4 |
---------------+-------------+-----
Conjurations   | 1 |  1.8
Spellcasting   | 2 |  2.3
Stealth        | 2 |  2.3
Poison Magic   | 1 |  1.2
Fighting       | |  3.0
Transmutations | |  4.1
Air Magic      | |  0.9
Evocations     | |  1.0

Action                   |  1- 3 |  4- 6 || total
-------------------------+-------+-------++-------
Melee: Dagger            |    77 |    14 ||    91
 Cast: Magic Dart        |    62 |    37 ||    99
 Abil: Spit Poison       |    15 |     4 ||    19
Armor: Robe              |    18 |     7 ||    25
Dodge: Dodged            |    28 |    16 ||    44
